[Event "Titled Tuesday Blitz April 11 Early 2023"]
[White "Rohith Krishna S"]
[Black "Vakhidov, Shahzod"]
[WhiteFideId "46617051"]
[BlackFideId "14205270"]
[WhiteElo "2270"]
[BlackElo "2212"]
[Result "1-0"]
[Round "07"]
[TimeControl "180+2"]
[Date "2023.04.11"]
[WhiteClock "0:00:43"]
[BlackClock "0:00:18"]

1. e4 c5 2. Nf3 g6 3. d4 cxd4 4. Qxd4 Nf6 5. e5 Nc6 6. Qc3 Nd5 7. Qd2 Nc7 8. h4 h5 9. Bd3 Bg7 10. Qe2 Ne6 11. O-O Qa5 12. Re1 O-O 13. Bd2 Qb6 14. Nc3 Ncd4 15. Nxd4 Qxd4 16. Rad1 Qxh4 17. Nd5 Nd4 18. Qe3 Nc6 19. Bc3 d6 20. g3 Qh3 21. exd6 exd6 22. Nf6+ Kh8 23. Bf1 Qf5 24. Ne8 Bxc3 25. Qh6+ Kg8 26. bxc3 1-0


[Site "https://www.chess.com"]

[Event "Titled Tuesday Blitz April 11 Early 2023"]
[White "Kumala, Aleksander"]
[Black "Wong, Yinn Long"]
[WhiteFideId "1141880"]
[BlackFideId "5707684"]
[WhiteElo "2269"]
[BlackElo "2271"]
[Result "0-1"]
[Round "07"]
[TimeControl "180+2"]
[Date "2023.04.11"]
[WhiteClock "0:00:06"]
[BlackClock "0:00:16"]

1. d4 Nf6 2. Bg5 d5 3. Bxf6 exf6 4. e3 Bd6 5. Bd3 h5 6. h3 c6 7. Nd2 h4 8. Qf3 Be6 9. Ne2 Nd7 10. O-O-O a5 11. Kb1 a4 12. c4 b5 13. cxd5 Bxd5 14. e4 Be6 15. d5 Ne5 16. Qe3 Bd7 17. Bc2 a3 18. f4 Ng6 19. b3 O-O 20. Nf3 cxd5 21. Rxd5 Bc6 22. Rh5 Qe7 23. Nfd4 Bd7 24. Rd1 Rfe8 25. Qf3 Rad8 26. Nxb5 Bxb5 27. Rxb5 Qc7 28. Rbd5 Rc8 29. Qd3 Bxf4 30. Rd7 Qe5 31. Qd4 Qg5 32. Qd5 Ne5 33. Ra7 Qxg2 34. Re1 Red8 35. Qb7 Qf2 36. Rd1 Qxe2 37. Rxd8+ Rxd8 38. Rxa3 Qe1+ 39. Kb2 Bc1+ 40. Kb1 Bxa3+ 41. Bd1 Qxd1# 0-1


[Site "https://www.chess.com"]

[Event "Titled Tuesday Blitz April 11 Early 2023"]
[White "Odegov, Artem"]
[Black "Aradhya, Garg"]
[WhiteFideId "34183644"]
[BlackFideId "25006746"]
[WhiteElo "2300"]
[BlackElo "2263"]
[Result "1-0"]
[Round "07"]
[TimeControl "180+2"]
[Date "2023.04.11"]
[WhiteClock "0:01:12"]
[BlackClock "0:01:11"]

1. d4 d5 2. c4 c6 3. Nc3 Nf6 4. Nf3 dxc4 5. a4 Bf5 6. Ne5 e6 7. g3 c5 8. dxc5 Qxd1+ 9. Nxd1 Bxc5 10. Bg2 Be4 11. f3 Bd5 12. e4 Nc6 13. Nxc6 Bxc6 14. Ne3 O-O-O 15. Nxc4 Nd7 16. Bf4 f6 17. Bh3 e5 18. Be3 Bb4+ 19. Ke2 Kc7 20. Rac1 Nc5 21. Bxc5 Bxc5 22. Nxe5 fxe5 23. Rxc5 Kd6 24. Rc4 b5 25. Rd1+ Ke7 26. Rxc6 1-0


[Site "https://www.chess.com"]

[Event "Titled Tuesday Blitz April 11 Early 2023"]
[White "Csonka, Balazs"]
[Black "Sharapov, Evgeny"]
[WhiteFideId "742910"]
[BlackFideId "14103133"]
[WhiteElo "2404"]
[BlackElo "2367"]
[Result "1/2-1/2"]
[Round "07"]
[TimeControl "180+2"]
[Date "2023.04.11"]
[WhiteClock "0:00:09"]
[BlackClock "0:00:18"]

1. e4 c5 2. Nf3 d6 3. Bb5+ Bd7 4. a4 Nc6 5. O-O Nf6 6. Re1 a6 7. Bxc6 Bxc6 8. e5 dxe5 9. Nxe5 Rc8 10. d3 e6 11. Nc3 Be7 12. a5 O-O 13. Nxc6 Rxc6 14. Bg5 h6 15. Bh4 Nd5 16. Bxe7 Nxe7 17. Ra4 Nd5 18. Nxd5 Qxd5 19. Rc4 Rd8 20. Qe2 Qf5 21. Qe4 Qxe4 22. Rexe4 Rd4 23. f4 Rxe4 24. dxe4 Kf8 25. Kf2 Ke7 26. Ke3 Kd6 27. h4 h5 28. Kd2 f6 29. Kc3 e5 30. f5 Rc7 31. Kb3 Rc6 32. Rc3 Rc8 33. Kc4 Kc6 34. Rd3 Rc7 35. Rd5 b5+ 36. axb6 Kxb6 37. Rd6+ Kb7 38. c3 Ka7 39. Kd5 Rb7 40. Kxc5 Rxb2 41. Rd7+ Rb7 42. Rd3 Rc7+ 43. Kd6 Rc4 44. Ke6 Rxe4 45. Rd7+ Kb6 46. Rxg7 a5 47. Kxf6 a4 48. Rg8 Kb7 49. Rg7+ Kb6 50. Rg8 Kb7 51. Rd8 a3 52. Rd1 Rxh4 53. Ke7 Rg4 54. f6 Rxg2 55. f7 Rf2 56. f8=Q Rxf8 57. Kxf8 Kb6 58. Ke7 Kc5 59. Ke6 Kc4 60. Kxe5 Kxc3 61. Rd8 a2 62. Rc8+ Kb2 63. Rb8+ Kc2 64. Rc8+ Kb2 65. Rb8+ Kc2 66. Ra8 Kb2 67. Kf4 a1=Q 68. Rxa1 Kxa1 69. Kg5 Kb2 70. Kxh5 1/2-1/2


[Site "https://www.chess.com"]

[Event "Titled Tuesday Blitz April 11 Early 2023"]
[White "koncheto"]
[Black "Averjanov, Alexey"]
[BlackFideId "14109867"]
[WhiteElo "2562"]
[BlackElo "2730"]
[Result "0-1"]
[Round "07"]
[TimeControl "180+2"]
[Date "2023.04.11"]
[WhiteClock "0:00:02"]
[BlackClock "0:00:06"]

1. e4 c6 2. d4 d5 3. Nc3 dxe4 4. Nxe4 Bf5 5. Ng3 Bg6 6. h4 h6 7. Nf3 Nd7 8. h5 Bh7 9. Bd3 Bxd3 10. Qxd3 e6 11. Bd2 Ngf6 12. O-O-O Be7 13. Kb1 O-O 14. Qe2 c5 15. d5 Nxd5 16. Ne4 Qc7 17. g4 Rad8 18. g5 hxg5 19. h6 g6 20. Nexg5 Bxg5 21. Nxg5 Qe5 22. Qg4 Kh8 23. c4 N5f6 24. Qh4 Qf5+ 25. Ka1 Nh7 26. Bc3+ Kg8 27. Ne4 e5 28. Rd6 Rfe8 29. Rhd1 b6 30. a3 f6 31. Ng3 Qf3 32. Rxd7 Qxd1+ 33. Rxd1 Rxd1+ 34. Ka2 Kf7 35. f4 exf4 36. Qxf4 Rd7 37. Ne4 Re6 38. a4 f5 39. Ng5+ Nxg5 40. Qxg5 Kg8 41. Qg3 Kh7 42. Bg7 Re8 43. a5 bxa5 44. Qb3 Rf7 45. Qb5 Rc8 46. Qxa5 f4 47. Qd2 f3 48. Qf2 Re8 49. Qxc5 f2 50. Qc6 Rg8 51. Bd4 f1=Q 52. Qd5 Qf5 53. Qg2 Qa5+ 54. Kb1 Qe1+ 55. Ka2 Qe6 56. Qc2 Rc8 57. b3 a5 58. Qc3 a4 59. Bc5 Rxc5 60. b4 Qxc4+ 0-1


[Site "https://www.chess.com"]

[Event "Titled Tuesday Blitz April 11 Early 2023"]
[White "Arpita, Mukherjee"]
[Black "Jaracz, Pawel"]
[WhiteFideId "5056403"]
[BlackFideId "1102222"]
[WhiteElo "2129"]
[BlackElo "2438"]
[Result "1-0"]
[Round "07"]
[TimeControl "180+2"]
[Date "2023.04.11"]
[WhiteClock "0:00:13"]
[BlackClock "0:00:10"]

1. e4 e5 2. Nf3 Nc6 3. Bb5 Nf6 4. d3 Bc5 5. c3 O-O 6. Bg5 h6 7. Bh4 d6 8. h3 Bb6 9. O-O Kh7 10. Re1 Ne7 11. Bxf6 gxf6 12. Nh4 Rg8 13. Qf3 Ng6 14. Nxg6 fxg6 15. Bc4 Rf8 16. Nd2 f5 17. Rf1 c6 18. Bb3 Qh4 19. Qe2 Bd7 20. Nf3 Qf6 21. Rad1 Rae8 22. exf5 gxf5 23. Bc2 Bc7 24. Nh2 d5 25. Kh1 e4 26. dxe4 fxe4 27. f4 Re7 28. c4 Be6 29. cxd5 cxd5 30. f5 Bg8 31. Ng4 Qg5 32. f6 Ree8 33. Qb5 Bb8 34. f7 Bxf7 35. Rxf7+ Kh8 36. Qxb7 Qg6 37. Rxf8+ Rxf8 38. Qxd5 h5 39. Bxe4 Qe8 40. Qd4+ Kg8 41. Nh6# 1-0


[Site "https://www.chess.com"]

[Event "Titled Tuesday Blitz April 11 Early 2023"]
[White "Nazari, Arad"]
[Black "Ginzburg, Yakov"]
[WhiteFideId "12577324"]
[BlackFideId "4157176"]
[WhiteElo "2242"]
[BlackElo "2305"]
[Result "0-1"]
[Round "07"]
[TimeControl "180+2"]
[Date "2023.04.11"]
[WhiteClock "0:00:01"]
[BlackClock "0:00:25"]

1. e4 c5 2. Nf3 e6 3. d4 cxd4 4. Nxd4 Nf6 5. Nc3 Nc6 6. Nxc6 bxc6 7. e5 Nd5 8. Ne4 Qc7 9. f4 Qb6 10. a3 Ne3 11. Qf3 Nxc2+ 12. Kd1 Nxa1 13. Bc4 Ba6 14. Bxa6 Qxa6 15. Bd2 Rb8 16. Bc3 Qa4+ 17. Ke2 Nb3 18. Qd3 Nc5 19. Nxc5 Bxc5 20. Rd1 O-O 21. Kf3 Qb3 22. Qxd7 Bxa3 23. Rd3 Bxb2 24. Ba5 Qa4 25. Bc7 Rb3 26. Kg4 Rxd3 27. Qxd3 Qd4 28. Qa6 Qe4 29. g3 Bc1 30. Bd6 f5+ 31. Kh3 Bxf4 32. Bxf8 Bxg3 33. Kxg3 Qxe5+ 34. Kh3 Kxf8 35. Qc8+ Kf7 36. Qd7+ Kg6 37. Qe8+ Kh6 38. Qh5+ Kxh5 0-1


[Site "https://www.chess.com"]

[Event "Titled Tuesday Blitz April 11 Early 2023"]
[White "Korchmar, Vasiliy"]
[Black "Vovk, Orest"]
[WhiteFideId "24131750"]
[BlackFideId "14113490"]
[WhiteElo "2370"]
[BlackElo "2215"]
[Result "1-0"]
[Round "07"]
[TimeControl "180+2"]
[Date "2023.04.11"]
[WhiteClock "0:00:47"]
[BlackClock "0:00:41"]

1. e4 g5 2. d4 h6 3. Nc3 Bg7 4. h4 g4 5. Qxg4 Bxd4 6. Nf3 Nf6 7. Qg7 Rg8 8. Qxh6 Bxf2+ 9. Kd1 Ng4 10. Qh7 Nf6 11. Qh6 Ng4 12. Qf4 d6 13. Bc4 f6 14. Bxg8 e5 15. Qd2 Bb6 16. Nd5 Nf2+ 17. Ke1 Nxh1 18. Qh6 Kd7 19. Nxf6+ Kc6 20. Bd5+ Kb5 21. a4+ Ka6 22. Bc4+ 1-0


[Site "https://www.chess.com"]

[Event "Titled Tuesday Blitz April 11 Early 2023"]
[White "Kosteniuk, Alexandra"]
[Black "Petukhov, Dmitry"]
[WhiteFideId "4128125"]
[BlackFideId "4142748"]
[WhiteElo "2453"]
[BlackElo "2311"]
[Result "1-0"]
[Round "07"]
[TimeControl "180+2"]
[Date "2023.04.11"]
[WhiteClock "0:00:09"]
[BlackClock "0:00:09"]

1. Nf3 Nf6 2. g3 g6 3. Bg2 Bg7 4. O-O O-O 5. c4 c6 6. d4 d5 7. Qb3 dxc4 8. Qxc4 Nbd7 9. Nc3 Nb6 10. Qd3 Nfd5 11. Ne4 Bf5 12. a3 Qc8 13. Rd1 Rd8 14. Qc2 h6 15. Ne5 Qe6 16. g4 Bxe4 17. Qxe4 Nd7 18. Nc4 Qxe4 19. Bxe4 N7b6 20. Na5 Rd7 21. Bf3 Rad8 22. e4 Nf6 23. Be3 h5 24. h3 hxg4 25. hxg4 e6 26. Rac1 Nh7 27. Nb3 Na4 28. Rd2 e5 29. d5 cxd5 30. exd5 Nf6 31. Rc4 Nb6 32. Bxb6 axb6 33. d6 Rxd6 34. Rxd6 Rxd6 35. Bxb7 Bf8 36. Kg2 Rd3 37. Nc1 Rd2 38. b4 b5 39. Rc8 Nxg4 40. Nb3 Rd7 41. Bc6 Rd3 42. Nc5 Rd2 43. Nd7 Rxd7 44. Bxd7 Kg7 45. Bxg4 e4 46. Be2 1-0


[Site "https://www.chess.com"]

[Event "Titled Tuesday Blitz April 11 Early 2023"]
[White "Zhu, Jiner"]
[Black "Maxfan2008"]
[WhiteFideId "8608059"]
[WhiteElo "2384"]
[BlackElo "2491"]
[Result "0-1"]
[Round "07"]
[TimeControl "180+2"]
[Date "2023.04.11"]
[WhiteClock "0:00:52"]
[BlackClock "0:01:01"]

1. c4 c6 2. Nc3 Nf6 3. d4 d5 4. Nf3 e6 5. e3 Nbd7 6. Bd3 dxc4 7. Bxc4 b5 8. Bd3 a6 9. e4 c5 10. e5 cxd4 11. Nxb5 axb5 12. exf6 gxf6 13. Nxd4 Bb4+ 14. Bd2 Qa5 15. Nb3 Bxd2+ 16. Qxd2 Qb6 17. O-O Bb7 18. Kh1 Rg8 19. f3 Ne5 20. Qe2 Nxd3 21. Qxd3 Rd8 22. Qxh7 Ke7 23. Rac1 Qd6 24. Qc2 Rc8 25. Qd1 Bd5 26. Rxc8 Rxc8 27. Qd4 Rc4 28. Qd2 Rh4 29. h3 Qg3 30. Qf2 Qxf2 31. Rxf2 Bxb3 32. axb3 Rb4 33. Kh2 Rxb3 34. Kg3 e5 35. h4 f5 36. Rc2 Kf6 37. Rc6+ Kg7 38. Rc2 Kg6 39. Kf2 Kh5 40. Kg3 f6 41. Rc6 Kg6 42. Rc2 Rb4 43. Kh3 Kh5 44. Rc6 Rxh4+ 45. Kg3 Kg5 46. Rxf6 f4+ 47. Kf2 Kxf6 0-1


[Site "https://www.chess.com"]

[Event "Titled Tuesday Blitz April 11 Early 2023"]
[White "Leyva Rivera, Yunier"]
[Black "Rendle, Thomas E"]
[WhiteFideId "3505065"]
[BlackFideId "408760"]
[WhiteElo "2430"]
[BlackElo "2428"]
[Result "1/2-1/2"]
[Round "07"]
[TimeControl "180+2"]
[Date "2023.04.11"]
[WhiteClock "0:00:13"]
[BlackClock "0:00:39"]

1. d4 Nf6 2. Nf3 g6 3. g3 Bg7 4. Bg2 O-O 5. O-O d6 6. b3 a5 7. a4 c6 8. Nbd2 Bf5 9. Bb2 Na6 10. Nh4 Bc8 11. e4 Nd7 12. Nhf3 Qc7 13. Re1 b6 14. Qe2 Nb4 15. Rac1 Ba6 16. Qe3 c5 17. c4 cxd4 18. Bxd4 Bxd4 19. Nxd4 Qc5 20. N2f3 Rac8 21. Red1 Qh5 22. h3 Rfe8 23. g4 Qc5 24. Qh6 Nf8 25. Ng5 Qe5 26. Ne2 f6 27. Nf3 Qb2 28. Ned4 Bb7 29. Rb1 Qa2 30. Ra1 Qb2 31. Rab1 Qa2 32. Ra1 Qb2 33. Rab1 1/2-1/2


[Site "https://www.chess.com"]

[Event "Titled Tuesday Blitz April 11 Early 2023"]
[White "Ingebretsen, Jens E"]
[Black "Jumanov, Elbek"]
[WhiteFideId "1522965"]
[BlackFideId "14202905"]
[WhiteElo "2213"]
[BlackElo "2055"]
[Result "0-1"]
[Round "07"]
[TimeControl "180+2"]
[Date "2023.04.11"]
[WhiteClock "0:00:02"]
[BlackClock "0:00:05"]

1. c4 c5 2. Nc3 Nc6 3. Nf3 g6 4. d4 cxd4 5. Nxd4 Bg7 6. Nxc6 bxc6 7. e4 Qc7 8. Bd3 d6 9. O-O Nf6 10. h3 O-O 11. Be3 a5 12. Qd2 Be6 13. Bh6 Rfb8 14. Bxg7 Kxg7 15. Rab1 a4 16. f4 Bc8 17. Rf2 Nd7 18. Rbf1 Ba6 19. e5 f6 20. e6 Nc5 21. f5 g5 22. Rd1 d5 23. Bf1 Bxc4 24. Bxc4 dxc4 25. Qd4 Qb6 26. Kh2 Rd8 27. Qxc4 Rxd1 28. Nxd1 Rd8 29. Nc3 Nd3 30. Re2 Nf4 31. Rc2 Qe3 32. Qe4 Qa7 33. Qxa4 Qb8 34. Kg1 Qb6+ 35. Kf1 Qe3 36. Qa7 Qd3+ 37. Kg1 Qxc2 38. Qxe7+ Kh6 39. Qxf6+ Kh5 40. Qxd8 Qxg2# 0-1


[Site "https://www.chess.com"]

[Event "Titled Tuesday Blitz April 11 Early 2023"]
[White "Gil Alba, Hector Luis"]
[Black "Iskusnyh, Sergei"]
[WhiteFideId "3504670"]
[BlackFideId "4120027"]
[WhiteElo "2331"]
[BlackElo "2492"]
[Result "0-1"]
[Round "07"]
[TimeControl "180+2"]
[Date "2023.04.11"]
[WhiteClock "0:00:19"]
[BlackClock "0:00:32"]

1. e4 e6 2. d4 d5 3. Nd2 c5 4. Ngf3 cxd4 5. exd5 Qxd5 6. Bc4 Qd7 7. O-O Nc6 8. Nb3 a6 9. Nbxd4 Nxd4 10. Nxd4 Bc5 11. Be3 Nf6 12. c3 Qc7 13. Bb3 O-O 14. Qf3 Bd7 15. Rad1 e5 16. Nf5 Bxf5 17. Qxf5 Bxe3 18. fxe3 Rad8 19. Kh1 Rxd1 20. Rxd1 Qc5 21. Qf3 b6 22. h3 a5 23. Bc2 b5 24. Rf1 b4 25. Bb3 bxc3 26. bxc3 Qxc3 27. Qg3 e4 28. Qf4 h6 29. g4 Re8 30. h4 a4 31. Bxa4 Rf8 32. Bb3 Qd3 33. g5 Nh5 34. Bxf7+ Kh8 35. Bxh5 Rxf4 36. Rxf4 hxg5 37. hxg5 Qxe3 38. Rf5 Qh3+ 0-1


[Site "https://www.chess.com"]

[Event "Titled Tuesday Blitz April 11 Early 2023"]
[White "Van Foreest, Machteld"]
[Black "EREBUNI91"]
[WhiteFideId "1051563"]
[WhiteElo "2018"]
[BlackElo "2678"]
[Result "1-0"]
[Round "07"]
[TimeControl "180+2"]
[Date "2023.04.11"]
[WhiteClock "0:00:08"]
[BlackClock "0:00:26"]

1. e4 c6 2. Nf3 d5 3. d3 Qc7 4. Nc3 e6 5. Be2 Nf6 6. O-O Be7 7. e5 Nfd7 8. Bf4 b5 9. d4 b4 10. Na4 Ba6 11. c3 O-O 12. cxb4 Bxb4 13. Bxa6 Nxa6 14. Qd3 Qb7 15. Ng5 g6 16. Qh3 h5 17. g4 f6 18. Nxe6 fxe5 19. Nxf8 Rxf8 20. Bxe5 Nxe5 21. dxe5 Qd7 22. a3 Rf4 23. axb4 Rxg4+ 24. Kh1 Rg1+ 25. Rxg1 Qxh3 26. Rxg6+ Kf7 27. Rf6+ Ke7 28. Nc3 Qd3 29. b5 d4 30. Rd1 Qc2 31. Rxd4 Qxb2 32. Rxc6 Nb4 33. Rxb4 Qc1+ 34. Kg2 Qg5+ 35. Kf1 Qc1+ 36. Ke2 Qc2+ 37. Ke3 Qc1+ 38. Kd4 Qf4+ 39. Ne4 Qxh2 40. Rbc4 Qh1 41. Rc7+ Ke6 42. R4c6+ Kf5 43. Ng3+ 1-0


[Site "https://www.chess.com"]

[Event "Titled Tuesday Blitz April 11 Early 2023"]
[White "De Souza, Cristiano Gomes"]
[Black "Vysochin, Spartak"]
[WhiteFideId "2151758"]
[BlackFideId "14103516"]
[WhiteElo "2068"]
[BlackElo "2367"]
[Result "0-1"]
[Round "07"]
[TimeControl "180+2"]
[Date "2023.04.11"]
[WhiteClock "0:00:15"]
[BlackClock "0:00:25"]

1. d4 d5 2. c4 e6 3. Nf3 Nf6 4. Nc3 c5 5. cxd5 cxd4 6. Qxd4 exd5 7. Bg5 Be7 8. e3 Nc6 9. Bb5 O-O 10. Bxc6 bxc6 11. O-O h6 12. Bh4 c5 13. Qd2 Bb7 14. Rfd1 g5 15. Bg3 Qb6 16. Rac1 Rfd8 17. Na4 Qb5 18. b3 Rac8 19. Be5 Ne4 20. Qb2 Qd7 21. Nd2 Qf5 22. Nxe4 Qxe4 23. Bh8 f6 24. Bxf6 d4 25. f3 Qxe3+ 26. Kh1 Bxf6 27. Nxc5 Bd5 28. Re1 Qf4 29. Nd3 Qd6 30. Qd2 Rxc1 31. Rxc1 Bf7 32. h4 Bg6 33. Nf2 Qf4 34. Qxf4 gxf4 35. Rc6 Kg7 36. Ng4 d3 37. Nxf6 d2 38. h5 d1=Q+ 39. Kh2 Rd6 40. Rxd6 Qxd6 41. Ng4 Bxh5 0-1


[Site "https://www.chess.com"]

[Event "Titled Tuesday Blitz April 11 Early 2023"]
[White "Demchenko, Anton"]
[Black "Seo, Jung Min"]
[WhiteFideId "4160258"]
[BlackFideId "1734687"]
[WhiteElo "2545"]
[BlackElo "2468"]
[Result "0-1"]
[Round "07"]
[TimeControl "180+2"]
[Date "2023.04.11"]
[WhiteClock "0:00:01"]
[BlackClock "0:00:11"]

1. e4 e5 2. Nf3 Nc6 3. Bc4 Nf6 4. d3 h6 5. c3 Be7 6. a4 d6 7. O-O O-O 8. Re1 a5 9. h3 Re8 10. Qb3 Rf8 11. Na3 Nd7 12. Be3 Nc5 13. Bxc5 dxc5 14. Bd5 Bd6 15. Nc4 Qe7 16. Bxc6 bxc6 17. Ne3 Be6 18. Qc2 g6 19. Nd2 Kg7 20. Nec4 Qg5 21. Nf3 Qf6 22. Qe2 Bxc4 23. dxc4 Rab8 24. Rad1 Qe6 25. Rd2 Rfe8 26. Qd3 Red8 27. Red1 Be7 28. Qe2 Rxd2 29. Rxd2 Bd6 30. Rc2 Qc8 31. Nd2 Qe6 32. Nf1 Be7 33. Kh2 h5 34. Nd2 Bg5 35. Nf3 Be7 36. h4 Bd6 37. g3 Qe7 38. Kg2 Qe6 39. Rd2 Qe7 40. Qd3 Qe6 41. Re2 Qe7 42. Qc2 Qe6 43. b3 Qe7 44. Re3 Qd8 45. Rd3 Qc8 46. Rd1 Qb7 47. Rb1 Qc8 48. Ne1 Qg4 49. f3 Qe6 50. Qe2 Be7 51. Nd3 Qd6 52. Rd1 Qe6 53. Qc2 Bd6 54. Nf2 Qe7 55. Kf1 Qe6 56. Ke2 Qe7 57. Rd3 Qe6 58. Kd1 Kh7 59. Kc1 Qe8 60. Qd1 Qe7 61. Kc2 Kg7 62. Kb2 Qe6 63. Ka2 Kg8 64. Qc2 Kg7 65. Rd1 Kg8 66. Qd3 Kg7 67. g4 hxg4 68. Nxg4 Rh8 69. Rh1 Qe7 70. h5 Rxh5 71. Rxh5 gxh5 72. Ne3 Qg5 73. Qe2 h4 74. Kb2 h3 75. Ng4 Qh4 76. Kc2 Qg3 77. Kd2 Kg6 78. Kd3 Qg2 79. Ke3 Qxe2+ 80. Kxe2 Kg5 81. Kf2 Kf4 82. Ne3 Be7 83. Nf5 Bg5 84. Ne3 Bh4+ 85. Ke2 h2 0-1


[Site "https://www.chess.com"]

[Event "Titled Tuesday Blitz April 11 Early 2023"]
[White "Poliakova, Varvara"]
[Black "Kukhmazov, Arsen"]
[WhiteFideId "13518313"]
[BlackFideId "24108260"]
[WhiteElo "2075"]
[BlackElo "2396"]
[Result "0-1"]
[Round "07"]
[TimeControl "180+2"]
[Date "2023.04.11"]
[WhiteClock "0:00:21"]
[BlackClock "0:00:34"]

1. e4 e5 2. Nf3 Nc6 3. Bc4 Bc5 4. c3 Nf6 5. d4 exd4 6. e5 d5 7. exf6 dxc4 8. fxg7 Rg8 9. O-O Be6 10. cxd4 Nxd4 11. Be3 Nxf3+ 12. Qxf3 Bxe3 13. fxe3 Qd5 14. Qf6 Qd8 15. Qe5 Qd6 16. Qf6 Bd5 17. Nc3 Qxf6 18. Rxf6 Be6 19. Nb5 O-O-O 20. Nxa7+ Kb8 21. Nb5 Rd2 22. Nd4 Rxg7 23. Rf2 Rxf2 24. Kxf2 Bd5 25. g3 c5 26. Nf5 Rg5 27. Nh4 b5 28. Rd1 b4 29. Ke2 Be4 30. Rd8+ Kc7 31. Rf8 Bd5 32. Rh8 Rh5 33. Re8 Kd7 34. Rf8 Ke7 35. Rb8 Be4 36. Kd2 Rd5+ 37. Kc1 c3 38. bxc3 bxc3 39. Rb7+ Kf8 40. Rb8+ Kg7 41. Re8 Bd3 42. e4 Rd7 43. Nf5+ Kf6 44. Ne3 Rb7 45. Nd5+ Kg7 46. Nxc3 Ra7 47. Kd2 c4 48. Rb8 h5 49. h4 Kf6 50. Ke3 Kg6 51. Kf4 Ra3 52. Rb6+ Kg7 53. Nd5 Rxa2 54. e5 Rf2+ 55. Ke3 Re2+ 56. Kd4 Re4+ 57. Kc3 Rxe5 58. Rd6 Bf1 59. Kd4 Re1 60. Nf4 Rd1+ 61. Kc5 Rxd6 62. Kxd6 c3 63. Nxh5+ Kh6 64. Nf6 c2 65. Ng4+ Kg7 0-1


[Site "https://www.chess.com"]

[Event "Titled Tuesday Blitz April 11 Early 2023"]
[White "Arabidze, Meri"]
[Black "Siva Mahadevan"]
[WhiteFideId "13604040"]
[BlackFideId "25043153"]
[WhiteElo "2405"]
[BlackElo "2249"]
[Result "0-1"]
[Round "07"]
[TimeControl "180+2"]
[Date "2023.04.11"]
[WhiteClock "0:00:04"]
[BlackClock "0:00:27"]

1. d4 Nf6 2. Nf3 g6 3. g3 Bg7 4. Bg2 O-O 5. O-O d6 6. a4 a5 7. Nc3 Nc6 8. e4 Bg4 9. Be3 Nd7 10. h3 Bxf3 11. Bxf3 e5 12. d5 Nd4 13. Bg2 f5 14. Bxd4 exd4 15. Nb5 f4 16. Nxd4 Bxd4 17. Qxd4 Ne5 18. Ra3 Qd7 19. Kh2 Rf6 20. Rb3 b6 21. gxf4 Rxf4 22. Rg3 Raf8 23. b3 Qe7 24. Kg1 Qh4 25. Qc3 R8f7 26. Qe3 Kg7 27. c3 Qf6 28. b4 h5 29. Qe2 h4 30. Re3 Qg5 31. Kh1 R4f6 32. bxa5 bxa5 33. c4 Nxc4 34. Rc3 Nd2 35. f4 Rxf4 36. Rxf4 Qxf4 37. Re3 Nc4 38. Rf3 Qc1+ 39. Kh2 Rxf3 40. Qxf3 Ne5 41. Qe2 Qf4+ 42. Kh1 Qc1+ 43. Kh2 Qc4 44. Qd1 Qa2 45. Qf1 Qxa4 46. Qf4 Qc2 47. Kh1 Qd1+ 48. Kh2 Qe2 49. Kh1 Qe1+ 50. Kh2 Qg3+ 51. Qxg3 hxg3+ 52. Kxg3 a4 0-1


[Site "https://www.chess.com"]

[Event "Titled Tuesday Blitz April 11 Early 2023"]
[White "Domingo Nunez, Ruben"]
[Black "Vaibhav, Suri"]
[WhiteFideId "22245570"]
[BlackFideId "5045185"]
[WhiteElo "2404"]
[BlackElo "2510"]
[Result "1-0"]
[Round "07"]
[TimeControl "180+2"]
[Date "2023.04.11"]
[WhiteClock "0:00:15"]
[BlackClock "0:00:07"]

1. b3 b6 2. Bb2 Bb7 3. Nf3 Nf6 4. c4 e6 5. g3 g6 6. Bg2 Bg7 7. O-O O-O 8. d4 d5 9. e3 dxc4 10. bxc4 Ne4 11. Nfd2 Nd6 12. Bxb7 Nxb7 13. Qf3 Qc8 14. a4 c5 15. a5 Na6 16. axb6 axb6 17. Na3 Nd6 18. Ne4 Nxe4 19. Qxe4 Rd8 20. Rfc1 cxd4 21. exd4 Nb4 22. Nb5 Rxa1 23. Bxa1 h5 24. h4 Qa6 25. Kg2 Qa2 26. Qb1 Qxb1 27. Rxb1 Nc2 28. Bc3 Nxd4 29. Nxd4 Bxd4 30. Bxd4 Rxd4 31. Rxb6 Rxc4 32. Rb7 Kg7 33. Kf3 Kf6 34. Ke3 Rc3+ 35. Ke2 e5 36. Ra7 Ke6 37. Ra6+ Kf5 38. Ra7 f6 39. Kf1 e4 40. Kg2 Kg4 41. Ra6 Rf3 42. Ra4 f5 43. Ra6 g5 44. Rg6 Rxf2+ 45. Kxf2 e3+ 46. Kg2 1-0


[Site "https://www.chess.com"]

[Event "Titled Tuesday Blitz April 11 Early 2023"]
[White "Hambleton, Aman"]
[Black "Skliarov, Viktor"]
[WhiteFideId "2606577"]
[BlackFideId "14106736"]
[WhiteElo "2511"]
[BlackElo "2317"]
[Result "0-1"]
[Round "07"]
[TimeControl "180+2"]
[Date "2023.04.11"]
[WhiteClock "0:00:04"]
[BlackClock "0:00:04"]

1. d4 Nf6 2. Bf4 g6 3. Nc3 Bg7 4. e4 d6 5. Qd2 a6 6. O-O-O b5 7. e5 b4 8. exf6 bxc3 9. Qxc3 Bxf6 10. Qe3 Bb7 11. h4 Nd7 12. h5 c5 13. hxg6 hxg6 14. Rxh8+ Bxh8 15. dxc5 Qa5 16. cxd6 e5 17. Nf3 O-O-O 18. Bg5 f6 19. Bh4 g5 20. Bg3 Kb8 21. Bc4 Rc8 22. Bb3 Bg7 23. Nd2 Bxg2 24. f3 Bh3 25. Nc4 Qb5 26. Qd3 Be6 27. Qg6 Bxc4 28. Qxg7 Bxb3 29. axb3 Qxb3 30. Rd2 Qb5 31. Qe7 Rc5 32. Bf2 Rc8 33. b3 a5 34. Kb2 a4 35. Rd3 a3+ 36. Kxa3 Rxc2 37. Re3 Qa6+ 38. Kb4 Qb7+ 39. Ka4 Qa6+ 40. Kb4 Qb6+ 41. Ka4 Ra2# 0-1


[Site "https://www.chess.com"]

[Event "Titled Tuesday Blitz April 11 Early 2023"]
[White "Bacallao Alonso, Yusnel"]
[Black "wqws"]
[WhiteFideId "3507416"]
[WhiteElo "2561"]
[BlackElo "2611"]
[Result "1-0"]
[Round "07"]
[TimeControl "180+2"]
[Date "2023.04.11"]
[WhiteClock "0:00:54"]
[BlackClock "0:00:28"]

1. d4 Nf6 2. Nf3 e6 3. c4 d5 4. Nc3 Bb4 5. Qa4+ Nc6 6. a3 Bxc3+ 7. bxc3 O-O 8. Bg5 h6 9. Bh4 g5 10. Bg3 Ne4 11. Qc2 b6 12. e3 a5 13. Bd3 f5 14. cxd5 exd5 15. c4 Ba6 16. Rc1 Ne7 17. h4 Nxg3 18. fxg3 dxc4 19. Bxc4+ Bxc4 20. Qxc4+ Nd5 21. hxg5 hxg5 22. Ne5 Kg7 23. g4 fxg4 24. Qd3 Rf6 25. Qh7+ Kf8 26. Rc6 1-0


[Site "https://www.chess.com"]

[Event "Titled Tuesday Blitz April 11 Early 2023"]
[White "Kaidanov, Gregory"]
[Black "Amilal Munkhdalai"]
[WhiteFideId "2008564"]
[BlackFideId "4903250"]
[WhiteElo "2547"]
[BlackElo "2293"]
[Result "1-0"]
[Round "07"]
[TimeControl "180+2"]
[Date "2023.04.11"]
[WhiteClock "0:01:31"]
[BlackClock "0:00:04"]

1. Nf3 Nf6 2. g3 e6 3. c4 d5 4. Bg2 c6 5. O-O Be7 6. b3 O-O 7. Bb2 b6 8. d4 Bb7 9. Nbd2 Nbd7 10. Qc2 Rc8 11. e4 dxe4 12. Nxe4 Nxe4 13. Qxe4 Rc7 14. Rad1 c5 15. Qe2 Bf6 16. dxc5 bxc5 17. Ne5 Bxg2 18. Kxg2 Qa8+ 19. f3 Nxe5 20. Bxe5 Bxe5 21. Qxe5 Qb7 22. Rd2 a5 23. Qc3 h6 24. Qxa5 Rd7 25. Rxd7 Qxd7 26. Qxc5 Qd3 27. Qf2 Rd8 28. Re1 Qc3 29. Re2 Rd1 30. Rc2 Qa1 31. c5 Qe5 32. c6 Qc7 33. b4 g5 34. b5 Rb1 35. a4 g4 36. fxg4 Qe5 37. c7 Qe4+ 38. Kh3 h5 39. c8=Q+ Kg7 40. Qxf7+ Kxf7 41. Rc7+ Kf6 42. Qh8+ Kg6 43. Qxh5+ Kf6 44. Rf7# 1-0


[Site "https://www.chess.com"]

[Event "Titled Tuesday Blitz April 11 Early 2023"]
[White "Matinian, Nikita"]
[Black "Ambartsumova, Karina"]
[WhiteFideId "24129100"]
[BlackFideId "4166299"]
[WhiteElo "2422"]
[BlackElo "2240"]
[Result "0-1"]
[Round "07"]
[TimeControl "180+2"]
[Date "2023.04.11"]
[WhiteClock "0:00:01"]
[BlackClock "0:00:08"]

1. e4 e5 2. Nc3 Nf6 3. g3 d5 4. exd5 Nxd5 5. Bg2 Nxc3 6. bxc3 Be7 7. Nf3 Nc6 8. O-O O-O 9. Re1 Bf6 10. Rb1 Re8 11. h4 Bg4 12. Re4 Bf5 13. Qe2 Bxe4 14. Qxe4 Rb8 15. d3 Qd6 16. Rb5 h6 17. Be3 a6 18. Rd5 Qe6 19. g4 Rbd8 20. Rc5 Be7 21. Rc4 Qd5 22. Qxd5 Rxd5 23. Ng5 Ra5 24. Bxc6 bxc6 25. Nf3 Rxa2 26. Nxe5 Bxh4 27. Nxc6 a5 28. Nd4 a4 29. Rxc7 Ra1+ 30. Kg2 Ra8 31. c4 Bf6 32. c5 a3 33. Nb3 Ra2 34. d4 Rxc2 35. d5 a2 36. c6 Be5 37. Rb7 f6 38. Bb6 Rb2 39. c7 Rxb3 40. Ra7 Rc8 41. d6 Bxd6 0-1


[Site "https://www.chess.com"]